Map: Cyber Forest LE

Players

JimRising - Winner!

  • Race: Zerg Zerg
  • League: Grandmaster
  • Spawn Location: 5:00

GoGojOey

  • Race: Zerg Zerg
  • Spawn Location: 11:00

Event: 2019 WCS Winter Americas

VOD

Have the link to the VOD?

Description

Time

  • Played on: Feb. 3, 2019, 2:28 p.m.
  • Length: 9:28

All games in this series

Show
View Real Time Build Order
Export as new Build Order

JimRising Zerg - Winner!

Build Orders: Pool First 

Get SALT Encoding   

  12  0:01  Drone  
  13  0:12  Overlord  
  13  0:17  Drone  
  14  0:31  Drone x2  
  16  0:36  Drone  
  17  0:46  Spawning Pool  
  17  0:48  Drone  
  17  0:57  Drone  
  18  1:11  Hatchery  
  17  1:19  Extractor  
  17  1:22  Drone  
  17  1:32  Queen  
  17  1:33  Zergling x2  
  17  1:36  Drone  
  17  1:39  Overlord  
  21  1:49  Drone  
  22  1:59  Drone  
  23  2:08  Queen  
  23  2:11  Drone  
  26  2:25  Queen, Drone x2  
  30  2:32  Drone  
  30  2:34  Drone  
  32  2:41  Overlord  
  32  2:42  Drone x2  
  34  2:52  Drone x2  
  36  3:01  Roach Warren  
  36  3:05  Drone x2  
  37  3:12  Evolution Chamber  
  36  3:14  Lair  
  36  3:18  Drone x5  
  41  3:25  Overlord  
  41  3:28  Queen  
  41  3:30  Drone  
  41  3:33  Extractor  
  43  3:40  Drone  
  44  3:41  Extractor  
  44  3:43  Overlord  
  44  3:44  Roach  
  44  3:51  Drone  
  44  3:53  Extractor, Drone x3  
  47  4:01  Drone x3  
  50  4:03  Drone x2  
  52  4:17  Drone  
  52  4:18  Spire, Drone x2  
  52  4:19  Drone  
  55  4:28  Overlord  
  55  4:40  Hatchery  
  54  4:52  Overlord x3  
  54  4:55  Roach x3  
  60  5:00  Spine Crawler  
  59  5:08  Overlord  
  59  5:09  Evolution Chamber  
  59  5:13  Roach x3  
  59  5:14  Roach  
  66  5:19  Roach x3  
  72  5:31  Mutalisk x4  
  72  5:33  Mutalisk  
  83  5:42  Overlord x2  
  83  5:49  Zerg Flyer Weapons Level 1  
  83  5:50  Overlord  
  83  5:58  Drone  
  84  6:13  Hatchery  
  83  6:21  Drone  
  83  6:23  Mutalisk x2  
  83  6:24  Mutalisk x4  
  96  6:29  Queen  
  96  6:32  Mutalisk  
  100  6:36  Mutalisk  
  102  6:55  Mutalisk x2  
  104  7:04  Drone x4  
  104  7:07  Overlord  
  104  7:08  Overlord  
  108  7:09  Zerg Missile Weapons Level 1  
  108  7:11  Glial Reconstitution  
  108  7:16  Overlord x2  
  108  7:17  Extractor  
  108  7:18  Extractor  
  106  7:44  Roach  
  106  7:45  Roach x11  
  128  8:00  Roach x3  
  128  8:04  Roach x2  
  122  8:05  Mutalisk  
  122  8:11  Roach x3  
  109  8:29  Drone  
  109  8:30  Overlord x2  
  110  8:36  Hatchery  
  111  8:41  Roach x3  
  111  8:42  Roach x2  
  111  9:02  Roach x6  
Show
View Real Time Build Order
Export as new Build Order

GoGojOey Zerg 

Build Orders: Hatch First 

Get SALT Encoding   

  12  0:01  Drone  
  13  0:13  Overlord  
  13  0:17  Drone  
  14  0:31  Drone x2  
  16  0:50  Hatchery  
  16  0:52  Drone  
  16  0:56  Drone  
  17  1:00  Drone  
  18  1:10  Extractor  
  17  1:15  Spawning Pool  
  17  1:17  Drone  
  17  1:21  Drone  
  18  1:28  Drone  
  19  1:39  Drone  
  20  1:49  Overlord  
  20  2:02  Zergling x4  
  20  2:03  Queen x2  
  26  2:12  Drone  
  26  2:13  Drone  
  28  2:24  Drone  
  28  2:25  Drone  
  30  2:34  Drone, Baneling Nest  
  30  2:35  Drone  
  31  2:40  Queen  
  33  2:46  Overlord  
  33  2:48  Drone  
  34  2:55  Drone  
  34  2:57  Drone  
  35  3:05  Drone  
  36  3:11  Drone x2  
  37  3:16  Hatchery  
  37  3:22  Drone x3, Evolution Chamber  
  37  3:24  Zergling x2  
  40  3:28  Drone x2  
  40  3:29  Overlord  
  42  3:34  Zergling x2  
  42  3:40  Roach Warren  
  42  3:48  Zerg Missile Weapons Level 1  
  42  3:52  Drone x5  
  42  3:53  Extractor, Drone  
  42  3:54  Extractor  
  46  3:58  Overlord  
  46  4:03  Drone x2  
  46  4:08  Overlord  
  47  4:18  Overlord  
  47  4:22  Roach x2  
  51  4:27  Roach x4  
  59  4:31  Roach x2  
  59  4:32  Roach  
  59  4:37  Roach x2  
  69  4:43  Roach x3  
  74  4:49  Queen  
  76  4:56  Lair  
  76  4:57  Drone  
  76  4:58  Drone x2  
  79  5:00  Drone x2  
  79  5:04  Overlord  
  81  5:10  Overlord  
  81  5:16  Drone, Overlord  
  82  5:21  Overlord  
  82  5:23  Drone x2  
  82  5:24  Drone x2  
  82  5:25  Drone  
  87  5:29  Drone  
  87  5:30  Drone x2  
  87  5:32  Drone  
  87  5:34  Drone  
  92  5:43  Drone x3  
  92  5:44  Queen  
  92  5:45  Extractor  
  92  5:48  Drone  
  92  5:49  Overlord  
  97  5:51  Drone  
  97  5:56  Zerg Missile Weapons Level 2  
  98  5:57  Spire  
  98  6:03  Extractor, Roach x3  
  102  6:05  Spore Crawler  
  102  6:06  Roach  
  102  6:09  Glial Reconstitution  
  103  6:11  Roach  
  103  6:15  Roach x3  
  103  6:19  Roach x2  
  103  6:23  Roach x2  
  111  6:26  Ravager  
  111  6:29  Roach  
  111  6:30  Roach x2  
  118  6:36  Roach x2  
  122  6:41  Overlord x2  
  119  6:50  Drone x4  
  119  6:51  Overlord  
  117  7:01  Drone x3  
  119  7:07  Overseer  
  120  7:09  Overlord  
  119  7:17  Corruptor x4, Extractor  
  119  7:21  Drone x2  
  119  7:22  Queen  
  130  7:23  Spore Crawler  
  127  7:32  Spore Crawler  
  127  7:33  Overlord x2  
  127  7:34  Corruptor  
  126  7:42  Corruptor  
  121  7:49  Corruptor  
  121  7:51  Queen x2  
  118  7:59  Corruptor  
  118  8:00  Queen  
  118  8:03  Drone x2  
  111  8:19  Corruptor x2  
  101  8:24  Drone x2  
  101  8:25  Drone  
  101  8:26  Queen  
  99  8:30  Roach x2  
  83  8:34  Roach  
  83  8:37  Roach  
  85  8:42  Roach x3  
  85  8:46  Roach  
  85  8:48  Roach  
  93  8:53  Roach x2  
  91  8:57  Roach  
  75  9:04  Roach  
  75  9:05  Roach x2  
Tags
 
Add a new tag
Caveats
  • Supply blocks, unpowered buildings, or Contaminate may cause inaccurate times.
  • Supply counts are checked every 10 seconds.